[Event "Titled Tuesday Blitz April 4 Late 2023"]
[White "Fonseca Manrique, Enrique"]
[Black "Naroditsky, Daniel"]
[WhiteFideId "5114330"]
[BlackFideId "2026961"]
[WhiteElo "2539"]
[BlackElo "2633"]
[Result "0-1"]
[Round "01"]
[TimeControl "180+2"]
[Date "2023.04.04"]
[WhiteClock "0:00:02"]
[BlackClock "0:00:28"]

1. e4 c5 2. Nc3 a6 3. f4 b5 4. d4 cxd4 5. Qxd4 Nc6 6. Qf2 Bb7 7. Nf3 e6 8. Bd3 Nf6 9. h3 d6 10. Be3 Be7 11. O-O-O Qc7 12. Kb1 Rc8 13. g4 Nd7 14. h4 Nc5 15. f5 Bf6 16. Nd4 b4 17. Nce2 Ne5 18. g5 Be7 19. Qg3 Ncxd3 20. cxd3 Nxd3 21. fxe6 O-O 22. Rhf1 Bxe4 23. Ka1 f5 24. h5 d5 25. Nf4 Nxb2 26. Rc1 Nc4 27. h6 g6 28. Qe1 Qe5 29. Bg1 Bxg5 0-1


[Site "https://www.chess.com"]

[Event "Titled Tuesday Blitz April 4 Late 2023"]
[White "Dubov, Daniil"]
[Black "Escanor89"]
[WhiteFideId "24126055"]
[WhiteElo "2802"]
[BlackElo "2537"]
[Result "1-0"]
[Round "01"]
[TimeControl "180+2"]
[Date "2023.04.04"]
[WhiteClock "0:00:36"]
[BlackClock "0:00:05"]

1. d4 Nf6 2. Nf3 e6 3. Bg5 Be7 4. Nbd2 c5 5. e3 cxd4 6. exd4 O-O 7. Bd3 b6 8. O-O Bb7 9. Re1 d6 10. a4 a6 11. c3 Nbd7 12. Qe2 Re8 13. h3 Qc7 14. Bf4 Nf8 15. Bh2 Qc6 16. Nc4 Ng6 17. a5 b5 18. Nb6 Rad8 19. Rac1 Nd5 20. Be4 Ndf4 21. Bxf4 Nxf4 22. Qd2 Nd5 23. Nxd5 exd5 24. Bd3 Bf6 25. Nh2 Bc8 26. Nf1 Qc7 27. Ne3 Bg5 28. h4 Bxe3 29. Rxe3 Rxe3 30. Qxe3 Qxa5 31. Qe7 Be6 32. Re1 Qb6 33. f4 Rf8 34. Bxh7+ Kxh7 35. Qxf8 b4 36. f5 Bxf5 37. Qxf7 Be4 38. Re3 bxc3 39. bxc3 Qb1+ 40. Kh2 Bg6 41. Qxd5 a5 42. Qxa5 Qc1 43. Qg5 Qf1 44. Rg3 Qf7 45. Qxg6+ Qxg6 46. Rxg6 Kxg6 47. g4 Kf6 48. Kg3 g6 49. c4 Ke6 50. Kf4 Kf6 51. Ke4 Ke6 52. d5+ Kf6 53. Kd4 1-0


[Site "https://www.chess.com"]

[Event "Titled Tuesday Blitz April 4 Late 2023"]
[White "Mekhane, Adam"]
[Black "Andreikin, Dmitry"]
[WhiteFideId "36050601"]
[BlackFideId "4158814"]
[WhiteElo "2177"]
[BlackElo "2736"]
[Result "0-1"]
[Round "01"]
[TimeControl "180+2"]
[Date "2023.04.04"]
[WhiteClock "0:00:09"]
[BlackClock "0:02:22"]

1. e4 c5 2. Nf3 e6 3. d4 cxd4 4. Nxd4 Nc6 5. Nc3 Qc7 6. Be3 a6 7. a3 Nf6 8. Be2 Bd6 9. Ncb5 axb5 10. Nxb5 Qa5+ 11. Bd2 Bb4 12. Bxb4 Nxb4 13. O-O Nc6 14. e5 Nd5 15. c4 Nde7 16. b4 Qd8 17. Nd6+ Kf8 18. f4 g6 19. f5 Nxf5 20. Nxf5 gxf5 21. Qd2 Rg8 22. Qh6+ Rg7 23. Rf3 Qg5 0-1


[Site "https://www.chess.com"]

[Event "Titled Tuesday Blitz April 4 Late 2023"]
[White "Erigaisi Arjun"]
[Black "Fiorito, Joaquin"]
[WhiteFideId "35009192"]
[BlackFideId "180173"]
[WhiteElo "2737"]
[BlackElo "2157"]
[Result "1-0"]
[Round "01"]
[TimeControl "180+2"]
[Date "2023.04.04"]
[WhiteClock "0:01:07"]
[BlackClock "0:00:22"]

1. g3 d5 2. Bg2 Nf6 3. d4 Bf5 4. Nf3 e6 5. O-O c6 6. Nh4 Be4 7. f3 Bg6 8. e4 Be7 9. e5 Nfd7 10. Nxg6 hxg6 11. f4 Qc7 12. Be3 c5 13. c3 Nc6 14. Nd2 Qb6 15. Qb3 cxd4 16. cxd4 Qxb3 17. Nxb3 Nb6 18. Rad1 Nc4 19. Bc1 Kd7 20. h4 Rac8 21. Rf2 N6a5 22. Nc5+ Bxc5 23. dxc5 Nc6 24. b3 N4a5 25. Bd2 b6 26. b4 Nc4 27. b5 N6a5 28. c6+ Ke7 29. Bb4+ Ke8 30. a4 Ne3 31. Rd3 Nxg2 32. Kxg2 Nc4 33. Kh3 f6 34. g4 Kf7 35. Kg3 f5 36. g5 a6 37. Bd6 Rhd8 38. Rc2 axb5 39. axb5 Nxd6 40. exd6 Rxd6 41. Ra3 d4 42. Ra6 d3 43. Rd2 Rb8 44. Kf2 Rd5 45. Ra7+ Kg8 46. Rb7 Rc8 47. Rxb6 Rd4 48. Ke3 Re4+ 49. Kf3 Rd4 50. Rb7 Rd5 51. c7 Kh7 52. b6 1-0


[Site "https://www.chess.com"]

[Event "Titled Tuesday Blitz April 4 Late 2023"]
[White "Kim, Sergey"]
[Black "Paravyan, David"]
[WhiteFideId "13700570"]
[BlackFideId "4194985"]
[WhiteElo "2532"]
[BlackElo "2563"]
[Result "0-1"]
[Round "01"]
[TimeControl "180+2"]
[Date "2023.04.04"]
[WhiteClock "0:00:18"]
[BlackClock "0:00:03"]

1. d4 Nf6 2. c4 e6 3. Nc3 Bb4 4. Qc2 O-O 5. a3 Bxc3+ 6. Qxc3 d5 7. Nf3 b6 8. g3 Ba6 9. b3 c5 10. dxc5 dxc4 11. bxc4 Ne4 12. Qc2 Nxc5 13. Bg2 Bb7 14. O-O Be4 15. Qa2 Nc6 16. Be3 Qe7 17. Rfd1 Rad8 18. h3 h6 19. Kh2 Rxd1 20. Rxd1 Rd8 21. Rd2 e5 22. Qb2 Rxd2 23. Qxd2 f6 24. Qc3 Kf8 25. h4 Ke8 26. Bh3 Qd6 27. Nd2 Bg6 28. Bg2 Nd4 29. Bxd4 Qxd4 30. Qxd4 exd4 31. Bd5 Ke7 32. Kg2 Kd6 33. Kf3 Bc2 34. h5 Ke5 35. Kg2 d3 36. Nf3+ Kd6 37. exd3 Bxd3 38. Nd4 a6 39. Kf3 b5 40. Ke3 bxc4 41. Bf7 c3 42. Nb3 Nxb3 43. Kxd3 Nc5+ 44. Kxc3 Ne4+ 45. Kd4 Nxf2 46. Bc4 Ng4 47. Bxa6 f5 48. Be2 Nf6 49. a4 Ne4 50. g4 Nc5 51. a5 Nb3+ 52. Ke3 Nxa5 53. gxf5 Ke5 54. Bd3 Nb7 55. Kf3 Nd6 56. Kg4 Ne8 57. Bc2 Nf6+ 58. Kh4 Kf4 59. Bb1 Ne8 60. Bc2 Nd6 61. Bb1 Nxf5+ 62. Kh3 Ne7 63. Kh4 Nf5+ 64. Kh3 Kg5 65. Bc2 Ne7 66. Bd1 Nd5 67. Bf3 Nf6 68. Kg3 Nxh5+ 69. Kh3 Nf6 70. Kg3 Ne8 71. Be4 Nd6 72. Bd5 Nf5+ 73. Kf3 g6 74. Be6 Nd4+ 0-1


[Site "https://www.chess.com"]

[Event "Titled Tuesday Blitz April 4 Late 2023"]
[White "Duda, Jan-Krzysztof"]
[Black "Ortega Amarelle, Mariano"]
[WhiteFideId "1170546"]
[BlackFideId "3504301"]
[WhiteElo "2790"]
[BlackElo "2406"]
[Result "1-0"]
[Round "01"]
[TimeControl "180+2"]
[Date "2023.04.04"]
[WhiteClock "0:01:15"]
[BlackClock "0:01:05"]

1. d4 d5 2. c4 c6 3. Nc3 Nf6 4. Nf3 dxc4 5. a4 Bf5 6. Ne5 e6 7. f3 Bb4 8. Nxc4 O-O 9. Kf2 a5 10. e4 Bg6 11. Be3 Nbd7 12. g4 c5 13. d5 exd5 14. Nxd5 Nxd5 15. Qxd5 Qc7 16. h4 Rad8 17. h5 Nf6 18. Qe5 Qxe5 19. Nxe5 Bxe4 20. g5 Nd5 21. fxe4 Nxe3 22. Kxe3 Bd2+ 23. Kf3 Bxg5 24. Bc4 Rd2 25. Rad1 Rxb2 26. Rd7 Rb6 27. Kg4 h6 28. Bxf7+ Kh7 29. Rf1 Rf6 30. Rxf6 Bxf6 31. Ng6 Rb8 32. e5 Bg5 33. Bc4 Re8 34. e6 b6 35. e7 1-0


[Site "https://www.chess.com"]

[Event "Titled Tuesday Blitz April 4 Late 2023"]
[White "Bruedigam, Martin"]
[Black "Hakobyan, Aram"]
[WhiteFideId "24608033"]
[BlackFideId "13306677"]
[WhiteElo "2331"]
[BlackElo "2584"]
[Result "0-1"]
[Round "01"]
[TimeControl "180+2"]
[Date "2023.04.04"]
[WhiteClock "0:00:08"]
[BlackClock "0:01:07"]

1. d4 Nf6 2. c4 e6 3. Nc3 Bb4 4. e3 Bxc3+ 5. bxc3 c5 6. Bd3 d6 7. Ne2 Nc6 8. O-O e5 9. d5 Ne7 10. f3 e4 11. fxe4 Ng6 12. Bd2 Ne5 13. Be1 Nfg4 14. Qd2 O-O 15. h3 Nxd3 16. Qxd3 Ne5 17. Qd1 Nxc4 18. Qc1 Qe7 19. Ng3 Bd7 20. Kh2 Qe5 21. a4 f5 22. exf5 Bxf5 23. Ra2 Bd3 24. Rxf8+ Rxf8 25. Rf2 Rxf2 26. Bxf2 Qxd5 27. e4 Bxe4 28. Qf4 Bg6 29. Qg4 Qf7 30. Bg1 h6 31. Qc8+ Kh7 32. h4 Ne5 33. h5 Bxh5 0-1


[Site "https://www.chess.com"]

[Event "Titled Tuesday Blitz April 4 Late 2023"]
[White "Firouzja, Alireza"]
[Black "Richter, Paul"]
[WhiteFideId "12573981"]
[BlackFideId "2046350"]
[WhiteElo "2904"]
[BlackElo "2528"]
[Result "1-0"]
[Round "01"]
[TimeControl "180+2"]
[Date "2023.04.04"]
[WhiteClock "0:00:34"]
[BlackClock "0:00:08"]

1. d4 Nf6 2. c4 g6 3. Nc3 Bg7 4. e4 O-O 5. Be3 d6 6. h3 Na6 7. g4 c5 8. d5 e6 9. Nge2 exd5 10. cxd5 h5 11. g5 Nd7 12. Bg2 Nc7 13. a4 b6 14. O-O a6 15. f4 Rb8 16. f5 Be5 17. f6 b5 18. axb5 axb5 19. Nf4 Bxf4 20. Rxf4 b4 21. Ne2 Re8 22. Ng3 Nb6 23. Bc1 Re5 24. Rh4 c4 25. Nxh5 c3 26. b3 Bd7 27. Ng7 Ra8 28. Rxa8 Qxa8 29. Bf4 Qa2 30. Rh6 c2 31. Qe1 Qb1 32. Bc1 Ncxd5 33. Kh2 Rxg5 34. Qh4 Nxf6 35. Rh8+ Kxg7 36. Qh6# 1-0


[Site "https://www.chess.com"]

[Event "Titled Tuesday Blitz April 4 Late 2023"]
[White "Zeynalli, Rashad"]
[Black "Fedoseev, Vladimir"]
[WhiteFideId "13403320"]
[BlackFideId "24130737"]
[WhiteElo "2125"]
[BlackElo "2752"]
[Result "0-1"]
[Round "01"]
[TimeControl "180+2"]
[Date "2023.04.04"]
[WhiteClock "0:00:39"]
[BlackClock "0:00:16"]

1. d4 b5 2. e4 Bb7 3. Bd3 e6 4. Nf3 c5 5. c3 c4 6. Bc2 d5 7. e5 h6 8. Nbd2 Nc6 9. Nf1 Nge7 10. Ng3 Nc8 11. Nh5 Nb6 12. h4 a5 13. Rh3 Kd7 14. Rg3 g6 15. Nf6+ Kc7 16. Ng4 b4 17. Nd2 Qxh4 18. Qf3 Qe7 19. Nf1 a4 20. a3 bxc3 21. bxc3 Na5 22. Rh3 Nb3 23. Bxb3 axb3 24. Nxh6 b2 25. Bxb2 Rxh6 26. Bc1 Rxh3 27. gxh3 Bc6 28. Nh2 Ba4 29. Ng4 Bc2 30. Nf6 Bf5 31. h4 Qd8 32. Qe2 Be7 33. Bg5 Na4 34. Qd2 Rb8 35. Kf1 Rb3 36. Rc1 Bxa3 37. Ne4 Qd7 38. Nf6 Qb5 39. Re1 Nxc3 40. h5 gxh5 41. Bh4 Ne4 42. Qh6 c3+ 43. Kg1 c2 44. Qh8 Rb1 45. Ne8+ Kb7 46. Nd6+ Bxd6 0-1


[Site "https://www.chess.com"]

[Event "Titled Tuesday Blitz April 4 Late 2023"]
[White "Bortnyk, Olexandr"]
[Black "Tifferet, Shaked"]
[WhiteFideId "14120828"]
[BlackFideId "2811529"]
[WhiteElo "2734"]
[BlackElo "2142"]
[Result "1-0"]
[Round "01"]
[TimeControl "180+2"]
[Date "2023.04.04"]
[WhiteClock "0:00:43"]
[BlackClock "0:00:05"]

1. d4 Nf6 2. Nc3 d5 3. Bf4 c6 4. e3 Bf5 5. Nf3 h6 6. Ne5 Nbd7 7. Bd3 Bxd3 8. cxd3 e6 9. O-O Nxe5 10. Bxe5 Be7 11. a3 O-O 12. e4 c5 13. dxc5 dxe4 14. Bxf6 Bxf6 15. Nxe4 Bxb2 16. Rb1 Bd4 17. Rxb7 f5 18. Ng3 Bxc5 19. Qb3 Qd5 20. Qxd5 exd5 21. Rc1 Bb6 22. h4 Rae8 23. Kf1 Rc8 24. Rxc8 Rxc8 25. Nxf5 Rc1+ 26. Ke2 Rc2+ 27. Ke1 Rxf2 28. Ne7+ Kh7 29. Rxb6 Rxg2 30. Rb7 Rh2 31. Nf5 Rg2 32. Rxa7 Rg4 33. Rxg7+ Rxg7 34. Nxg7 Kxg7 35. a4 Kf6 36. a5 Ke7 37. a6 1-0


[Site "https://www.chess.com"]

[Event "Titled Tuesday Blitz April 4 Late 2023"]
[White "Korkmaz, Necmettin"]
[Black "Sadhwani, Raunak"]
[WhiteFideId "6303285"]
[BlackFideId "35093487"]
[WhiteElo "2097"]
[BlackElo "2631"]
[Result "0-1"]
[Round "01"]
[TimeControl "180+2"]
[Date "2023.04.04"]
[WhiteClock "0:00:17"]
[BlackClock "0:00:16"]

1. e4 g6 2. d4 Bg7 3. Nc3 d6 4. f4 a6 5. a4 Nc6 6. d5 Nb4 7. Nf3 Nf6 8. Be2 O-O 9. O-O c6 10. a5 cxd5 11. exd5 Bf5 12. Nd4 Bd7 13. Bf3 Rc8 14. Re1 Re8 15. f5 Qc7 16. Be3 gxf5 17. Qd2 e5 18. dxe6 fxe6 19. Ncb5 axb5 20. Qxb4 d5 21. Nxb5 Bxb5 22. Qxb5 Ne4 23. c3 Nd6 24. Qb6 Nc4 25. Qxc7 Rxc7 26. Ra2 Nxe3 27. Rxe3 d4 28. Rd3 dxc3 29. bxc3 Bxc3 30. Bxb7 Bxa5 31. Rxa5 Rxb7 32. Re3 Kf7 33. g4 Rg8 34. h3 h5 35. Ra6 Re7 36. Rg3 hxg4 37. hxg4 Kf6 38. Kf2 f4 39. Rg1 Kg5 40. Kf3 e5 41. Ke4 Rb8 42. Ra4 Rb3 43. Rh1 Re3+ 44. Kd5 Kxg4 45. Kd6 Re8 46. Rg1+ Kf5 47. Ra7 Rd8+ 48. Ke7 Rd5 49. Kf8 Rb3 50. Rf7+ Ke4 51. Re1+ Kf3 52. Re7 Rdb5 53. Kf7 Rb7 54. Rxe5 Rxe7+ 55. Rxe7 Kf2 56. Kg6 Rb5 57. Rf7 f3 0-1


[Site "https://www.chess.com"]

[Event "Titled Tuesday Blitz April 4 Late 2023"]
[White "Svane, Rasmus"]
[Black "Kokoszczynski, Jan"]
[WhiteFideId "4657101"]
[BlackFideId "1174460"]
[WhiteElo "2597"]
[BlackElo "2139"]
[Result "1-0"]
[Round "01"]
[TimeControl "180+2"]
[Date "2023.04.04"]
[WhiteClock "0:02:16"]
[BlackClock "0:01:40"]

1. Nf3 Nf6 2. g3 d5 3. Bg2 e6 4. O-O Be7 5. c4 O-O 6. b3 b6 7. d4 Bb7 8. Nc3 Nbd7 9. Bb2 c5 10. Ne1 Rc8 11. cxd5 exd5 12. Nc2 Re8 13. Rc1 Nf8 14. dxc5 Bxc5 15. e3 Ne6 16. Re1 Qd7 17. Ne2 Bb4 18. Nxb4 1-0


[Site "https://www.chess.com"]

[Event "Titled Tuesday Blitz April 4 Late 2023"]
[White "Gubajdullin, Alexei"]
[Black "Sargsyan, Shant"]
[WhiteFideId "4141202"]
[BlackFideId "13306766"]
[WhiteElo "2279"]
[BlackElo "2628"]
[Result "0-1"]
[Round "01"]
[TimeControl "180+2"]
[Date "2023.04.04"]
[WhiteClock "0:00:02"]
[BlackClock "0:00:10"]

1. d4 g6 2. Nf3 d6 3. Bf4 Nf6 4. e3 Bg7 5. Be2 O-O 6. O-O c5 7. c3 Qb6 8. Qb3 Nc6 9. Nbd2 Nh5 10. Bg3 Na5 11. Qxb6 axb6 12. a3 Be6 13. Bh4 Nf6 14. Rfe1 h6 15. h3 Bd7 16. Rac1 Rfc8 17. e4 g5 18. Bg3 Nh5 19. Bh2 Nf4 20. Bxf4 gxf4 21. e5 d5 22. Bd3 cxd4 23. Nxd4 e6 24. N2f3 Nc6 25. Rc2 Kf8 26. Rce2 Ke7 27. Nb5 Rg8 28. Kh2 h5 29. Nbd4 Bh8 30. Rg1 Na5 31. Kh1 Ba4 32. Kh2 Nc6 33. Kh1 Nb8 34. Kh2 Nd7 35. Kh1 Nc5 36. Bb1 Bd7 37. Bc2 b5 38. Bb1 Rac8 39. Bc2 Na4 40. Bb1 Nb6 41. Bd3 Nc4 42. Bb1 Ra8 43. Bd3 Bc6 44. Bb1 Bg7 45. Bd3 Kd7 46. Bb1 Kc7 47. Bd3 Bf8 48. Bb1 Be7 49. Bd3 Kb6 50. Bb1 Bd7 51. Bd3 Rg7 52. Bb1 Rag8 53. Bd3 Na5 54. Bb1 Nc6 55. Bd3 Nb8 56. Bb1 Na6 57. Bd3 Nc5 58. Bb1 Bc6 59. Nd2 Nd7 60. Bc2 Bd8 61. N2f3 h4 62. Bb1 Rh8 63. Bc2 Rh5 64. Bb1 Bc7 65. Rge1 Nc5 66. Bc2 Bd7 67. Bb1 Na6 68. Bc2 Nb8 69. Bb1 Nc6 70. Bc2 Na5 71. Bb1 Nc4 72. Bd3 Be8 73. Bb1 Bd8 74. Bd3 Be7 75. Bb1 Bc5 76. Bd3 Na5 77. Bb1 Nc6 78. Bd3 Bxd4 79. Nxd4 Nxd4 80. cxd4 Rhg5 81. f3 Bc6 82. Rc2 Rg8 83. Rec1 Ra8 84. Rc5 Ra4 85. b4 Rxa3 86. R5c3 Ra4 87. Rb3 Rg8 88. Rb2 Rga8 89. Kg1 Ra3 90. Bf1 Ra2 91. Rcb1 Kc7 92. Kf2 Kd7 93. Ke1 Ke7 94. Kd2 R2a3 95. Rb3 Ra2+ 96. R1b2 R2a4 97. Rb1 f6 98. exf6+ Kxf6 99. R3b2 Ke7 100. Re1 Kd6 101. Reb1 Ra3 102. Re1 Ra2 103. Kc2 R8a4 104. Rxa2 Rxa2+ 105. Kb3 Rf2 106. Kc3 Be8 107. Kb3 Bd7 108. Kc3 Bc6 109. Kb3 Be8 110. Kc3 Bg6 111. Kb3 Bc2+ 112. Kc3 Ba4 113. Kd3 Rb2 114. Re5 Rb3+ 115. Kd2 Rxb4 116. Kc3 Rb3+ 117. Kd2 Rb2+ 118. Kc3 Rb1 119. Bd3 Rb3+ 120. Kd2 b4 121. Rh5 Rb2+ 122. Kc1 Rxg2 123. Rxh4 b3 124. Rxf4 b2+ 125. Kb1 Rd2 126. Bg6 Bb3 127. h4 Rh2 128. h5 b5 129. Rg4 Bc4 130. h6 Rxh6 131. Kxb2 b4 132. f4 Rh2+ 133. Kb1 b3 134. Rg5 Ke7 135. Rg4 Kf6 136. Rg3 Rf2 0-1


[Site "https://www.chess.com"]

[Event "Titled Tuesday Blitz April 4 Late 2023"]
[White "Maghsoodloo, Parham"]
[Black "Grycel, Kamil"]
[WhiteFideId "12539929"]
[BlackFideId "1115499"]
[WhiteElo "2647"]
[BlackElo "2519"]
[Result "1-0"]
[Round "01"]
[TimeControl "180+2"]
[Date "2023.04.04"]
[WhiteClock "0:02:06"]
[BlackClock "0:00:19"]

1. d4 d6 2. e4 Nf6 3. Nc3 c6 4. a4 a5 5. Nf3 Bg4 6. h3 Bxf3 7. Qxf3 e6 8. Bd3 d5 9. e5 Nfd7 10. Ne2 c5 11. c3 Nc6 12. O-O Qb6 13. Bb5 Be7 14. Be3 O-O 15. Qg3 Kh8 16. f4 f5 17. Qf2 Rac8 18. Rfd1 Rc7 19. c4 dxc4 20. d5 exd5 21. Rxd5 Ndb8 22. Rxc5 Nb4 23. Rxc4 Rxc4 24. Bxb6 Rc2 25. Rc1 Rxb2 26. Rc7 Bd8 27. Rxb7 Bxb6 28. Qxb6 Nd7 29. Rxd7 1-0


[Site "https://www.chess.com"]

[Event "Titled Tuesday Blitz April 4 Late 2023"]
[White "Vovk, Orest"]
[Black "Vidit, Santosh Gujrathi"]
[WhiteFideId "14113490"]
[BlackFideId "5029465"]
[WhiteElo "2215"]
[BlackElo "2651"]
[Result "0-1"]
[Round "01"]
[TimeControl "180+2"]
[Date "2023.04.04"]
[WhiteClock "0:00:02"]
[BlackClock "0:00:34"]

1. h4 e5 2. h5 h6 3. d4 exd4 4. Qxd4 Nc6 5. Qa4 d5 6. Nc3 Nf6 7. g3 Bb4 8. Bd2 O-O 9. O-O-O Qe7 10. a3 Bc5 11. e3 Bf5 12. Bh3 Bh7 13. Qh4 Bxa3 14. Qa4 Bc5 15. Nge2 Nb4 16. e4 Nxe4 17. Nxe4 Bxe4 18. Bxb4 Bxb4 19. Nd4 Bxh1 20. Rxh1 Bc5 21. Nf5 Qf6 22. Qg4 Rfe8 23. Rd1 c6 24. f3 Qg5+ 25. Qxg5 hxg5 26. c3 g6 27. hxg6 fxg6 28. Nd4 Bxd4 29. Rxd4 Kg7 30. Rg4 Kf6 31. Ra4 a6 32. f4 Re3 33. fxg5+ Kxg5 34. Rg4+ Kf6 35. Rf4+ Kg7 36. Bd7 Rf8 37. Rb4 Rf7 38. Bc8 b5 39. Bxa6 Rxg3 40. Bc8 g5 41. Kb1 Rf4 42. Rb3 g4 43. Bd7 Rc4 44. Ra3 Rg1+ 45. Ka2 g3 46. Ra7 Kf6 47. Rc7 g2 48. Bh3 Ra1+ 49. Kxa1 g1=Q+ 50. Ka2 Ra4+ 0-1


[Site "https://www.chess.com"]

[Event "Titled Tuesday Blitz April 4 Late 2023"]
[White "Bluebaum, Matthias"]
[Black "Loiacono, Antonio"]
[WhiteFideId "24651516"]
[BlackFideId "895415"]
[WhiteElo "2638"]
[BlackElo "2257"]
[Result "1-0"]
[Round "01"]
[TimeControl "180+2"]
[Date "2023.04.04"]
[WhiteClock "0:02:01"]
[BlackClock "0:01:13"]

1. d4 Nf6 2. c4 c5 3. d5 b5 4. cxb5 a6 5. bxa6 d6 6. Nc3 Qa5 7. Bd2 Bxa6 8. e4 g6 9. Bxa6 Qxa6 10. Nge2 Bg7 11. O-O O-O 12. a4 Nbd7 13. Qc2 Rfb8 14. Nb5 Qc8 15. Bc3 Ne8 16. Bxg7 Kxg7 17. Qc3+ Kg8 18. b4 Nc7 19. Nxc7 Qxc7 20. bxc5 Nxc5 21. Nd4 Qd7 22. Nc6 Rc8 23. Qc4 e6 24. a5 Nxe4 25. Qxe4 exd5 26. Ne7+ 1-0


[Site "https://www.chess.com"]

[Event "Titled Tuesday Blitz April 4 Late 2023"]
[White "Hnydiuk, Aleksander"]
[Black "Xiong, Jeffery"]
[WhiteFideId "1109057"]
[BlackFideId "2047640"]
[WhiteElo "2374"]
[BlackElo "2726"]
[Result "1/2-1/2"]
[Round "01"]
[TimeControl "180+2"]
[Date "2023.04.04"]
[WhiteClock "0:00:44"]
[BlackClock "0:01:50"]

1. Nf3 d5 2. d4 Nf6 3. c4 e6 4. g3 Be7 5. Bg2 O-O 6. Qc2 c6 7. O-O Nbd7 8. Nbd2 b6 9. e4 dxc4 10. Nxc4 Bb7 11. Rd1 c5 12. e5 Nd5 13. h4 h6 14. Qe4 Kh8 15. Bf1 cxd4 16. Bd3 f5 17. exf6 N7xf6 18. Qg6 Qe8 19. Nfe5 Qxg6 20. Nxg6+ Kg8 21. Nxf8 Rxf8 22. Bd2 Ng4 23. Rf1 Bb4 1/2-1/2


[Site "https://www.chess.com"]

[Event "Titled Tuesday Blitz April 4 Late 2023"]
[White "Kramnik, Vladimir"]
[Black "Goffredo_Fofi"]
[WhiteFideId "4101588"]
[WhiteElo "2712"]
[BlackElo "2508"]
[Result "1-0"]
[Round "01"]
[TimeControl "180+2"]
[Date "2023.04.04"]
[WhiteClock "0:00:17"]
[BlackClock "0:00:01"]

1. c4 g6 2. Nc3 Bg7 3. g3 Nf6 4. Bg2 O-O 5. e3 d6 6. Nge2 e5 7. O-O c6 8. e4 Nbd7 9. d3 a5 10. h3 Nc5 11. Be3 Nh5 12. d4 exd4 13. Bxd4 Be6 14. Bxg7 Nxg7 15. Qd4 Qe7 16. b3 Rad8 17. Rad1 Rfe8 18. Rfe1 Bc8 19. Qd2 f5 20. exf5 Nxf5 21. Nd4 Qf7 22. Rxe8+ Qxe8 23. Re1 Qf8 24. Nf3 Qf6 25. g4 Ng7 26. Ng5 Re8 27. Nge4 Nxe4 28. Nxe4 Qd8 29. Qd4 Re6 30. Rd1 Ne8 31. f4 Qe7 32. Kh2 Qg7 33. Qd2 Qe7 34. Ng3 Re3 35. Qd4 Bxg4 36. Rd2 Bc8 37. Ne4 Re1 38. Nxd6 Nxd6 39. Qxd6 Qxd6 40. Rxd6 Kf7 41. Rd8 Re8 42. Rd2 Re7 43. Kg3 Bf5 44. Kf2 Rd7 45. Rxd7+ Bxd7 46. Ke3 b6 47. Kd4 c5+ 48. Ke5 Ke7 49. h4 Bf5 50. Bc6 Bb1 51. Ba4 Bc2 52. Kd5 Bd1 53. Kc6 1-0


[Site "https://www.chess.com"]

[Event "Titled Tuesday Blitz April 4 Late 2023"]
[White "Roebers, Eline"]
[Black "Martinez Alcantara, Jose Eduardo"]
[WhiteFideId "1058401"]
[BlackFideId "3805662"]
[WhiteElo "2507"]
[BlackElo "2711"]
[Result "0-1"]
[Round "01"]
[TimeControl "180+2"]
[Date "2023.04.04"]
[WhiteClock "0:00:02"]
[BlackClock "0:01:31"]

1. e4 c5 2. Nf3 d6 3. d4 cxd4 4. Nxd4 Nf6 5. Nc3 a6 6. f4 e5 7. Nb3 Nbd7 8. Be2 Be7 9. O-O O-O 10. Bf3 b5 11. a4 b4 12. Nd5 Bb7 13. Be3 a5 14. Qd2 Nxd5 15. exd5 Rc8 16. Rae1 Bf6 17. Bg4 Ra8 18. Bxd7 Qxd7 19. fxe5 Bxe5 20. Bd4 f6 21. Bxe5 dxe5 22. Rd1 Rfd8 23. Nc5 Qxd5 24. Qxd5+ Bxd5 25. Rd2 Bc6 26. Rfd1 Rxd2 27. Rxd2 Rc8 28. c3 bxc3 29. bxc3 Kf7 30. Kf2 Ke7 31. Rb2 Kd6 32. Nb3 Ra8 33. Rd2+ Kc7 34. Nc5 Kb6 35. Ne6 Bxa4 36. Rd6+ Bc6 37. Nxg7 a4 38. Nf5 Kc5 0-1


[Site "https://www.chess.com"]

[Event "Titled Tuesday Blitz April 4 Late 2023"]
[White "Alekseenko, Kirill"]
[Black "Aggelis, Nikolaos"]
[WhiteFideId "4135539"]
[BlackFideId "4213220"]
[WhiteElo "2683"]
[BlackElo "2189"]
[Result "1-0"]
[Round "01"]
[TimeControl "180+2"]
[Date "2023.04.04"]
[WhiteClock "0:01:01"]
[BlackClock "0:00:09"]

1. d4 f5 2. Nc3 d5 3. Bf4 c6 4. e3 Nf6 5. Nf3 e6 6. Bd3 Be7 7. O-O O-O 8. Ne5 Nbd7 9. h3 Nxe5 10. Bxe5 Bd7 11. Ne2 Ne8 12. c4 Bd6 13. Qb3 Qb6 14. c5 Qxb3 15. axb3 Bxe5 16. dxe5 Nc7 17. f4 b5 18. b4 Kf7 19. g4 g6 20. Nd4 a6 21. Kh2 Ke7 22. Rg1 Rg8 23. Nb3 Ra7 24. Rg2 Kf7 25. Rag1 Raa8 26. Be2 Ra7 27. Nd4 Raa8 28. Bd3 Rab8 29. Nb3 Ra8 30. Na5 Ra7 31. Bc2 d4 32. e4 fxe4 33. Bxe4 Nd5 34. Bxd5 exd5 35. Rd1 Ke7 36. Rxd4 Rf8 37. Kg3 Kd8 38. Re2 Kc7 39. e6 Be8 40. e7 Rf6 41. Rd1 Kd7 42. Rde1 Bf7 43. e8=Q+ Bxe8 44. Re7+ 1-0


[Site "https://www.chess.com"]

[Event "Titled Tuesday Blitz April 4 Late 2023"]
[White "Petrovic, Aleksa"]
[Black "Rasulov, Vugar"]
[WhiteFideId "967629"]
[BlackFideId "13402390"]
[WhiteElo "2309"]
[BlackElo "2509"]
[Result "1-0"]
[Round "01"]
[TimeControl "180+2"]
[Date "2023.04.04"]
[WhiteClock "0:02:11"]
[BlackClock "0:01:55"]

1. d4 Nf6 2. c4 e6 3. Nf3 c5 4. d5 exd5 5. cxd5 d6 6. Nc3 g6 7. Nd2 Bg7 8. e4 O-O 9. Be2 Na6 10. O-O Nc7 11. a4 Re8 12. Qc2 b6 13. Nc4 Ba6 14. Bg5 h6 15. Bf4 Bxc4 16. Bxc4 a6 17. Rab1 Rb8 18. b4 b5 19. axb5 axb5 20. bxc5 dxc5 21. Nxb5 Nxb5 22. Bxb5 Rxe4 23. Bxb8 Qxb8 24. Bd3 Rb4 25. Qxc5 Rxb1 26. Rxb1 Qe5 27. Bc4 Ng4 28. Qc8+ Kh7 29. Qxg4 f5 30. Qe2 Qd4 31. Rd1 Qc5 32. d6 1-0


[Site "https://www.chess.com"]

[Event "Titled Tuesday Blitz April 4 Late 2023"]
[White "Movahed, Sina"]
[Black "Senthilkumar, Pranav"]
[WhiteFideId "42520835"]
[BlackFideId "2083477"]
[WhiteElo "2225"]
[BlackElo "1860"]
[Result "1-0"]
[Round "01"]
[TimeControl "180+2"]
[Date "2023.04.04"]
[WhiteClock "0:00:53"]
[BlackClock "0:00:09"]

1. Nf3 Nf6 2. g3 d5 3. Bg2 e6 4. O-O Be7 5. c4 O-O 6. d4 dxc4 7. Na3 Bd7 8. Nxc4 Bc6 9. Bg5 Nbd7 10. Rc1 h6 11. Bxf6 Bxf6 12. e3 Nb6 13. Na5 Bd5 14. a3 Rc8 15. Qe2 c5 16. e4 Na4 17. exd5 Qxa5 18. dxe6 fxe6 19. Qxe6+ Kh8 20. b4 Qb5 21. bxc5 Rfe8 22. Qf5 Qb2 23. Rce1 Bxd4 24. Nxd4 Qxd4 25. Bxb7 Rf8 26. Re4 Rxf5 27. Rxd4 Rc7 28. Be4 Rfxc5 29. Rd8# 1-0


[Site "https://www.chess.com"]

[Event "Titled Tuesday Blitz April 4 Late 2023"]
[White "Becerra, Juan David"]
[Black "Abdrlauf, Elham"]
[WhiteFideId "4404998"]
[BlackFideId "1533533"]
[WhiteElo "2276"]
[BlackElo "2469"]
[Result "0-1"]
[Round "01"]
[TimeControl "180+2"]
[Date "2023.04.04"]
[WhiteClock "0:00:01"]
[BlackClock "0:00:51"]

1. e4 c6 2. d4 d5 3. exd5 cxd5 4. Bd3 Nf6 5. h3 g6 6. Nf3 Bg7 7. O-O O-O 8. Re1 Nc6 9. c3 Bf5 10. Bf4 Rc8 11. Ne5 Bxd3 12. Qxd3 Nxe5 13. Bxe5 e6 14. Nd2 a6 15. a4 Nd7 16. Bxg7 Kxg7 17. a5 Nb8 18. b4 Nc6 19. Nb3 Na7 20. Nc5 Qe7 21. h4 Qxh4 22. Nxb7 Nb5 23. Nc5 Rc6 24. Re3 Rfc8 25. Rae1 Nd6 26. Rh3 Qf4 27. Rf3 Qg5 28. Rg3 Qf5 29. Qe2 Ne4 30. Rf3 Qg5 31. Nxe4 dxe4 32. Qxe4 Rxc3 33. Rxc3 Rxc3 34. Qb7 Rc4 35. Qxa6 Rxb4 36. Qa8 Ra4 37. a6 Qa5 38. Qb7 Qxe1+ 0-1


[Site "https://www.chess.com"]